 Dungeon Crawl Stone Soup version 0.26-a0-712-ga5a9c9c9d0 (webtiles) character file.

Game seed: 8329635381970777800

4 Azzok the Skirmisher (level 1, -1/18 HPs)
             Began as a Demonspawn Berserker on Nov 13, 2020.
             Was a Follower of Trog.
             Slain by a gnoll
             ... wielding a +0 whip
              (3 damage)
             ... on level 2 of the Dungeon.
             The game lasted 00:00:14 (211 turns).

Azzok the Skirmisher (Demonspawn Berserker)          Turns: 211, Time: 00:00:14

Health: -1/18      AC:  2    Str: 17    XL:     1   Next: 58%
Magic:  1/1        EV: 12    Int:  8    God:    Trog [*.....]
Gold:   21         SH:  0    Dex: 12    Spells: 0/0 levels left

rFire    . . .     SeeInvis .   a - +0 hand axe
rCold    . . .     Faith    .   (no shield)
rNeg     . . .     Spirit   .   b - +0 animal skin
rPois    .         Reflect  .   (no helmet)
rElec    .         Harm     .   (no cloak)
rCorr    .         Rampage  .   (no gloves)
MR       .....                  (no boots)
Stlth    +.........             (no amulet)
HPRegen  0.06/turn              (no ring)
MPRegen  0.07/turn              (no ring)

@: confused
A: no striking features
a: Berserk, Renounce Religion


You were on level 2 of the Dungeon.
You worshipped Trog.
Trog was aware of your devotion.
You visited 1 branch of the dungeon, and saw 2 of its levels.

You collected 21 gold pieces.

Inventory:

Hand Weapons
 a - a +0 hand axe (weapon)
Armour
 b - a +0 animal skin (worn)
 e - a +1 helmet
Scrolls
 c - a scroll of enchant weapon {unknown}
 d - a scroll of enchant armour {unknown}


   Skills:
 - Level 3.0 Fighting
 + Level 3.0 Axes
 - Level 1.7 Armour
 - Level 1.7 Dodging


You couldn't memorise any spells.
You didn't know any spells.
Your spell library was empty.

Dungeon Overview and Level Annotations

Branches:
Dungeon (1/15)

Altars:

Annotations:
D:2 Natasha, Sigmund


Message History

A gnoll comes into view. It is wielding a +0 club.
A gnoll comes into view. It is wielding a +0 spear.
The gnoll shouts! x2
Sigmund points at you and mumbles some strange words.
You are confused.
Natasha casts a spell.
You see here 25 stones.
You bump into the rock wall.
The frilled lizard hisses angrily.
Natasha mumbles some strange words.
Natasha's front paws start to glow.
The gnoll barely misses you.
A kobold comes into view. It is wielding a +0 short sword.
You bump into the rock wall.
Natasha casts a spell.
You bump into the rock wall.
The gnoll hits you from afar with a +0 spear.
* * * LOW HITPOINT WARNING * * *
The gnoll hits you with a +0 whip.
You die...

▒▒·· ····· ···· ▒
·▒ ▒··▒ ·▒
····K▒▒··▒ ▒··
···▒···l·· ··
▒··▒·▒▒gg▒▒▒·▒▒·▒▒
·······g·g@·······
▒··▒·····▒▒▒·▒▒▒▒▒
······@······▒▒▒
······h·········
·····=··········
····5········▒▒▒
·▒·▒············
··5··!········▒
▒·▒··▒▒·▒▒·▒▒·▒


You could see Sigmund, Natasha, 4 gnolls, a white imp (summoned), a kobold and a
frilled lizard.

Vanquished Creatures
  3 hobgoblins (D:1)
  A frilled lizard (D:1)
4 creatures vanquished.

Notes
Turn   | Place    | Note
-------+----------+-------------------------------------------
     0 | D:1      | Azzok the Demonspawn Berserker began the quest for the Orb.
     0 | D:1      | Reached XP level 1. HP: 18/18 MP: 1/1
   202 | D:1      | You fall into a shaft and drop 1 floor!
   202 | D:2      | Noticed Natasha
   202 | D:2      | Noticed Sigmund
   211 | D:2      | Slain by a gnoll

Illustrated notes

Levels and vault maps discovered:
D:1:      scummos_arrival_checkerplants, layout_basic
D:2:      layout_basic, bloody_trog, chequers_temple_overflow_statue_of_worship,
          chequers_ecumenical_altar_lobes, uniq_natasha, uniq_sigmund

Skill      XL: |  1 |
---------------+----+-----
Axes           | 3 |  3.0
Fighting       | |  3.0
Armour         | |  1.7
Dodging        | |  1.7

Action                   || total
-------------------------++-------
Melee: Hand axe          ||    11
Armor: Animal skin       ||     1
Dodge: Dodged            ||     7

Table legend: (Time is in decaauts)
 A = Elapsed time spent in this place.
 B = Non-inter-level travel time spent in this place.
 C = Inter-level travel time spent in this place.
 D = Time resting spent in this place.
 E = Time spent auto-exploring this place.
 F = Levels seen in this place.
 G = Mean time per level.
                   A        B        C        D        E       F      G
               +--------+--------+--------+--------+--------+-----+--------+
         Total |    212 |    212 |      0 |    101 |     75 |   2 |  106.0 |
       Dungeon |    212 |    212 |      0 |    101 |     75 |   2 |  106.0 |
               +--------+--------+--------+--------+--------+-----+--------+

Top non-repeatable levels by time:
     D:1: 203 daAuts
     D:2: 8 daAuts
